 Dungeon Crawl Stone Soup version 0.17.0-15-g6d90897 (webtiles) character file.

91504 Gravenous the Basher (level 16, -3/148 HPs)
             Began as a Naga Earth Elementalist on Nov 9, 2015.
             Was a High Priest of Ashenzari.
             Slain by a spriggan rider
             ... wielding a +0 spear
              (14 damage)
             ... on level 1 of the Swamp on Nov 10, 2015.
             The game lasted 01:58:49 (42570 turns).

Gravenous the Basher (Naga Earth Elementalist)     Turns: 42570, Time: 01:58:50

Health: -3/148     AC: 16    Str: 10    XL:     16   Next: 3%
Magic:  14/24      EV: 21    Int: 28    God:    Ashenzari [*****.]
Gold:   1808       SH:  6    Dex: 14    Spells: 7 memorised, 5 levels left

rFire  . . .     SeeInvis +     U - staff of earth
rCold  + . .     Clarity  +     b - +4 ring mail of Liberalism {rN+ MR+ Int+5 Dex-3}
rNeg   + + .     SustAt   .     K - +0 buckler {AC+3}
rPois  +         Gourm    .     D - +0 hat {rC+} (curse)
rElec  .         Spirit   .     n - +0 cloak (curse)
rCorr  .         Warding  +     g - +0 pair of gloves
rMut   .         Stasis   .     (no barding)
MR     +++..                    f - amulet of warding (curse)
Stlth  ++++......               Q - +5 ring of evasion (curse)
                                R - ring of wizardry (curse)

@: agile, very slightly contaminated, studying Ice Magic, repel missiles,
invisible (expiring), very slow, extremely resistant to hostile enchantments,
stealthy
A: see invisible, deformed body, poison resistance, slowness 2, slow metabolism
1, spit poison 2, constrict 1, AC +5
a: Spit Poison, Scrying, Transfer Knowledge, Renounce Religion


You were on level 1 of the Swamp.
You worshipped Ashenzari.
Ashenzari was extremely pleased with you.
You were hungry.

You visited 5 branches of the dungeon, and saw 28 of its levels.
You also visited: Ice Cave.

You collected 2873 gold pieces.
You spent 1065 gold pieces at shops.

Inventory:

Hand Weapons
 s - a +0 eveningstar
Armour
 b - the +4 ring mail of Liberalism (worn) {rN+ MR+ Int+5 Dex-3}
   (You found it on level 12 of the Dungeon)

   It affects your intelligence (+5).
   It affects your dexterity (-3).
   It protects you from negative energy.
   It affects your resistance to hostile enchantments.
 g - a +0 pair of gloves (worn)
 n - a cursed +0 cloak (worn)
 D - a cursed +0 hat of cold resistance (worn)
 K - a +0 buckler of protection (worn)
Magical Staves
 P - an uncursed staff of wizardry
 U - an uncursed staff of earth (weapon)
Rods
 T - a +0 iron rod (13/13)
   (You found it on level 2 of the Lair of Beasts)
 Y - a +0 lightning rod (11/11)
   (You found it on level 3 of the Lair of Beasts)
Jewellery
 f - a cursed amulet of warding (around neck)
 r - an uncursed ring of ice
 M - an uncursed ring of protection from cold
 Q - a cursed +5 ring of evasion (right hand)
 R - a cursed ring of wizardry (left hand)
Wands
 a - a wand of draining (10)
 c - a wand of digging (9)
 e - a wand of fire (0)
 j - a wand of lightning (6)
 C - a wand of draining (2)
 G - a wand of digging (0)
 I - a wand of cold (10)
 O - a wand of cold (5)
Scrolls
 i - 4 scrolls of curse jewellery
 k - 3 scrolls of remove curse
 m - 11 scrolls of identify
 v - 4 scrolls of enchant armour
 F - 2 scrolls of enchant weapon
 J - 3 scrolls of fog
 L - 4 scrolls of amnesia
 S - 4 scrolls of curse armour
 X - 4 scrolls of curse weapon
Potions
 p - 8 potions of might
 t - 3 potions of agility
 w - a potion of brilliance
 x - 3 potions of curing
 z - 3 potions of cure mutation
 E - 2 potions of cancellation
 H - a potion of resistance
 Z - a potion of flight
Books
 y - a manual of Ice Magic
 B - a manual of Ice Magic
Comestibles
 d - 6 bread rations
 h - 12 slices of pizza
 l - 11 meat rations
 o - 16 fruits
 u - 5 beef jerkies
 A - 11 royal jellies


   Skills:
 + Level 10.6 Fighting
 - Level 12.6 Maces & Flails
 + Level 7.7 Dodging
 - Level 5.1 Stealth
 - Level 7.0 Shields
 - Level 5.1 Spellcasting
 - Level 12.5(16.1) Conjurations
 - Level 1.0(3.2) Transmutations
 - Level 9.5(13.3) Earth Magic
 - Level 10.8(14.5) Evocations


You had 5 spell levels left.
You knew the following spells:

 Your Spells              Type           Power        Failure   Level  Hunger
a - Sandblast             Erth           ######       1%          1    None
b - Stone Arrow           Conj/Erth      ######       1%          3    #......
c - Stoneskin             Trmt/Erth      ######..     1%          2    None
d - Lee's Rapid Deconstr  Erth           #######...   1%          5    #####..
e - Mephitic Cloud        Conj/Pois/Air  ###.....     2%          3    #......
f - Petrify               Trmt/Erth      ######..     3%          4    ###....
g - Repel Missiles        Chrm/Air       #.....       10%         2    None


Dungeon Overview and Level Annotations

Branches:
Dungeon (14/15)            Temple (1/1) D:5            Lair (8/8) D:9
  Swamp (1/4) Lair:5        Snake (0/4) Lair:4        Slime (0/6) Lair:8
    Orc (4/4) D:11            Elf (0/3) Orc:4        Vaults (0/5) D:14

Altars:
Ashenzari
Cheibriados
Dithmenos
Elyvilon
Fedhas
Gozag
Kikubaaqudgha
Makhleb
Nemelex Xobeh
Okawaru
Qazlal
Ru
Sif Muna
Trog
Vehumet
Xom
Yredelemnul
Zin
The Shining One

Shops:
D:14 =   Orc:4 (!**

Annotations:
D:4 HungrySpirit's ghost, amateur NaTm
D:13 1 runed door


Innate Abilities, Weirdness & Mutations

You cannot wear boots.
Your serpentine skin is tough (AC +5).
You have supernaturally acute eyesight.
Armour fits poorly on your strangely shaped body.
Your system is resistant to poisons.
You cover ground very slowly.
You have a slow metabolism.
You can spit poison.
You can use your snake-like lower body to constrict enemies.


Message History

Unknown command.
Drink which item? (? for menu, Esc to quit)
Okay, then.
Read which item? (? for menu, Esc to quit)
As you read the scroll of fear, it crumbles to dust.
You assume a fearsome visage.
The giant leech looks frightened!
The spriggan rider resists with almost no effort.
The spriggan looks frightened!
The spriggan rider looks frightened!
The spriggan rider completely misses you.
Unknown command.
Casting: Petrify
Confirm with . or Enter, or press ? or * to list all spells.
Aiming: Stone Arrow
Press: ? - help, Shift-Dir - straight line, f - spriggan rider
Aim: a spriggan rider, wielding a spear and wearing a buckler You feel a surge of power!
The stone arrow hits the spriggan rider.
The spriggan rider is moderately wounded.
The spriggan rider hits you from afar with a spear!
You die...

*♣♣♣♣§(..≈≈≈≈≈≈≈≈§≈≈≈≈..♣
*.....≈§.^≈≈≈≈≈≈≈≈≈≈≈≈≈.♣
*≈..≈≈≈≈.≈≈≈≈..<.≈≈≈≈≈≈.♣
♣♣.≈≈≈≈≈≈≈≈.....≈≈.§..♣♣
*≈♣≈..≈≈.≈≈≈≈.......♣♣♣♣♣
* .≈≈≈≈≈.≈...≈♣≈§≈≈♣≈≈♣
*♣.≈≈≈..♣♣..♣♣♣.≈.♣.≈♣
**♣.≈≈.....≈≈♣♣≈.≈≈♣..♣♣
* **
≈.....≈...♣♣♣♣♣@...≈≈≈♣ ,
** *,≈≈≈..≈≈≈♣*
♣♣..≈♣.≈≈≈♣♣≈ ≈≈,≈ , ≈
....♣♣♣≈.i≈≈≈..≈.♣ ,, *
*≈,
,♣≈≈(..≈♣♣.....♣♣..♣***
*** , ≈
,,♣≈...≈≈≈♣i[≈.i♣*♣♣♣*≈,,
, ,, ...≈≈.≈≈≈≈w♣♣ *, ,≈
,, ≈≈, ♣≈..≈≈≈≈≈.♣♣ ≈ *
*≈ ≈ * *♣..≈≈≈≈...♣ * , ,
, ,≈* ♣♣§.....≈♣.♣♣ ≈ *
*≈


You could see a giant leech (fleeing), 2 spriggan riders and a spriggan
(fleeing).

Vanquished Creatures
  A sphinx (D:13)
  Gastronok (Lair:2)
  Snorg (Lair:5)
  6 hydras
  An alligator (Swamp:1)
  2 dancing weapons (D:14)
  4 orc high priests
  Urug (Orc:2)
  A wizard (D:14)
  An unseen horror (D:9)
  3 hill giants
  4 orc knights (Orc:4)
  A shambling mangrove (Swamp:1)
  A phantasmal warrior (D:13)
  A manticore (D:14)
  A necromancer (IceCv)
  5 orc sorcerers
  An ugly thing (D:13)
  4 cyclopes
  4 griffons
  3 centaur zombies
  2 guardian serpents (D:12)
  An ice statue (IceCv)
  The ghost of Aelig the Destroyer, a novice TeCj of Vehumet (D:7)
  14 elephants
  16 spiny frogs
  5 black mambas
  A kobold demonologist (D:11)
  2 centaur skeletons (D:11)
  A queen bee (Lair:6)
  12 komodo dragons
  2 spriggan druids (Lair:8)
  3 trolls
  3 fire drakes
  11 polar bears
  6 two-headed ogres
  10 freezing wraiths (IceCv)
  A wolf spider simulacrum (IceCv)
  2 slime creatures (Lair:8)
  2 wyverns
  A shadow (D:14)
  11 blink frogs
  2 deep elf magi
  2 basilisks
  2 trapdoor spiders
  8 redbacks (Lair:8)
  51 yaks
  11 hippogriffs
  A human (D:7)
  16 spriggans
  4 vampire mosquitoes (D:12)
  A death yak simulacrum (IceCv)
  Edmund (D:6)
  2 wargs
  28 wolves
  19 water moccasins
  A swamp worm (Swamp:1)
  3 insubstantial wisps (Swamp:1)
  11 ice beasts
  8 porcupines
  A swamp drake (Swamp:1)
  4 sky beasts
  6 black bears
  A phantom (D:11)
  19 orc warriors
  2 eyes of draining
  7 ogres
  4 wasps
  18 centaurs
  3 necrophages
  21 crocodiles
  Blork the orc (D:4)
  6 big kobolds
  2 gnoll sergeants
  A wyvern zombie (D:12)
  23 giant frogs
  4 scorpions
  27 killer bees
  12 wights
  2 draconian simulacra (IceCv)
  2 electric eels (Lair:3)
  A giant frog zombie (D:7)
  21 orc priests
  13 crimson imps
  6 jellies
  3 quasits
  7 hounds
  26 orc wizards
  7 giant frog skeletons
  7 iguanas
  13 worker ants
  Terence (D:2)
  6 troll simulacra (IceCv)
  A killer bee zombie (D:8)
  14 sheep
  4 centaur simulacra (IceCv)
  A polar bear simulacrum (IceCv)
  A wolf simulacrum (IceCv)
  A hound skeleton (D:3)
  A hound zombie (D:7)
  18 gnolls
  3 worker ant zombies
  20 adders
  41 river rats
  5 ogre simulacra (IceCv)
  3 naga simulacra (IceCv)
  2 shadow imps
  25 white imps
  An adder skeleton (D:8)
  An adder zombie (D:9)
  A worm (D:6)
  10 giant geckos
  159 orcs
  3 ball pythons
  5 bats
  4 giant cockroaches
  9 hobgoblins
  16 jackals
  30 kobolds
  A quokka (D:9)
  A giant gecko skeleton (D:6)
  A giant gecko zombie (D:6)
  4 giant newts
  15 goblins
  A goblin skeleton (D:7)
  A goblin zombie (D:7)
  A hobgoblin zombie (D:7)
  A jackal skeleton (D:5)
  A kobold skeleton (D:7)
  2 kobold zombies (D:7)
  3 orc skeletons (D:7)
  An orc zombie (D:7)
  A quokka skeleton (D:6)
  A quokka zombie (D:6)
  11 rats
  A fungus (Lair:6)
  A plant (Lair:8)
1029 creatures vanquished.

Vanquished Creatures (collateral kills)
  An ettin (D:13)
  A yak (Lair:5)
2 creatures vanquished.

Vanquished Creatures (others)
  2 yaks (Lair:5)
  2 bushes (Lair:8)
  47 fungi
  53 plants
104 creatures vanquished.

Grand Total: 1135 creatures vanquished

Notes
Turn   | Place    | Note
--------------------------------------------------------------
     0 | D:1      | Gravenous the Naga Earth Elementalist began the quest for the Orb.
     0 | D:1      | Reached XP level 1. HP: 15/15 MP: 3/3
   502 | D:1      | Reached XP level 2. HP: 22/22 MP: 5/5
  1262 | D:2      | Reached XP level 3. HP: 25/28 MP: 4/6
  1272 | D:2      | Learned a level 3 spell: Stone Arrow
  1314 | D:2      | Found a basalt altar of Yredelemnul.
  1525 | D:2      | Found a burning altar of Makhleb.
  1756 | D:2      | Noticed Terence
  1781 | D:2      | Killed Terence
  1781 | D:2      | Reached skill level 4 in Stealth
  1781 | D:2      | Reached skill level 1 in Conjurations
  1781 | D:2      | Reached XP level 4. HP: 7/36 MP: 0/7
  2793 | D:3      | Reached XP level 5. HP: 37/42 MP: 5/8
  2948 | D:3      | Found a glowing silver altar of Zin.
  3419 | D:4      | Noticed HungrySpirit's ghost (amateur NaTm)
  3742 | D:4      | Reached XP level 6. HP: 18/49 MP: 2/9
  3933 | D:4      | Learned a level 2 spell: Stoneskin
  4012 | D:4      | Noticed Blork the orc
  4031 | D:4      | Got a faintly glowing robe
  4042 | D:4      | Identified the +2 robe "Xiuf" {rC- rN+ SInv} (You found it on level 4 of the Dungeon)
  4129 | D:4      | Noticed a sky beast
  4143 | D:4      | Killed a sky beast
  4143 | D:4      | Reached skill level 5 in Stealth
  4143 | D:4      | Reached skill level 5 in Earth Magic
  4238 | D:4      | Killed Blork the orc
  4277 | D:4      | Reached skill level 1 in Fighting
  4277 | D:4      | Reached XP level 7. HP: 46/57 MP: 4/10
  4356 | D:5      | Entered Level 5 of the Dungeon
  5029 | D:5      | Found a staircase to the Ecumenical Temple.
  5038 | Temple   | Entered the Ecumenical Temple
  5089 | Temple   | Became a worshipper of Ashenzari the Shackled
  5216 | D:5      | Reached skill level 6 in Earth Magic
  5431 | D:5      | Reached skill level 5 in Conjurations
  5476 | D:5      | Reached XP level 8. HP: 63/67 MP: 6/11
  6268 | D:6      | Found an ancient bone altar of Kikubaaqudgha.
  6271 | D:6      | Found a radiant altar of Vehumet.
  6410 | D:6      | Reached skill level 7 in Earth Magic
  6486 | D:6      | Noticed Edmund
  6649 | D:6      | Found a snail-covered altar of Cheibriados.
  6690 | D:6      | Got the uncursed ring mail of the Princess {rC+}
  6702 | D:6      | Identified the +3 ring mail of the Princess {rC+} (You found it on level 6 of the Dungeon)
  6774 | D:6      | Found a deep blue altar of Sif Muna.
  6791 | D:7      | Found a white marble altar of Elyvilon.
  6791 | D:7      | Noticed Aelig's ghost (novice TeCj)
  6966 | D:7      | Killed Aelig's ghost
  7034 | D:7      | Found a glowing golden altar of the Shining One.
  7121 | D:7      | Reached XP level 9. HP: 67/78 MP: 9/12
  7157 | D:7      | Reached skill level 8 in Earth Magic
  8796 | D:7      | Reached skill level 5 in Fighting
  8838 | D:7      | Reached skill level 9 in Earth Magic
  9241 | D:8      | Reached XP level 10. HP: 88/88 MP: 3/13
  9890 | D:8      | Found a snail-covered altar of Cheibriados.
 10006 | D:8      | Found an iron altar of Okawaru.
 10007 | D:8      | Found a sparkling altar of Nemelex Xobeh.
 10127 | D:8      | Found a shadowy altar of Dithmenos.
 10767 | D:9      | Found a stormy altar of Qazlal.
 11093 | D:9      | Found a staircase to the Lair.
 11106 | Lair:1   | Entered Level 1 of the Lair of Beasts
 11106 | Lair:1   | Noticed a seven-headed hydra
 11155 | Lair:1   | Reached skill level 10 in Conjurations
 11791 | Lair:1   | Learned a level 5 spell: Lee's Rapid Deconstruction
 11943 | Lair:1   | Killed a seven-headed hydra
 11943 | Lair:1   | Reached XP level 11. HP: 96/96 MP: 15/17
 12028 | D:9      | Reached skill level 11 in Conjurations
 12171 | D:9      | Found a glowing silver altar of Zin.
 12908 | D:10     | Entered Level 10 of the Dungeon
 13147 | D:9      | Noticed an unseen horror
 13152 | D:9      | Killed an unseen horror
 13414 | D:6      | Found a basalt altar of Yredelemnul.
 13578 | D:6      | Killed Edmund
 13794 | D:6      | Found a shimmering altar of Xom.
 14170 | Lair:1   | Reached skill level 5 in Spellcasting
 14472 | Lair:1   | Reached * piety under Ashenzari
 14560 | Lair:1   | Reached skill level 1 in Maces & Flails
 14803 | Lair:2   | Noticed Gastronok
 14821 | Lair:2   | Killed Gastronok
 14919 | Lair:2   | Reached skill level 5 in Maces & Flails
 15576 | Lair:2   | Noticed a six-headed hydra
 15586 | Lair:2   | Killed a six-headed hydra
 15586 | Lair:2   | Reached XP level 12. HP: 80/103 MP: 3/19
 17484 | Lair:3   | Reached skill level 12 in Conjurations
 18154 | Lair:3   | Learned a level 3 spell: Mephitic Cloud
 18898 | Lair:4   | Found a staircase to the Snake Pit.
 19069 | Lair:4   | Noticed a six-headed hydra
 19076 | Lair:4   | Killed a six-headed hydra
 19076 | Lair:4   | Reached skill level 10 in Maces & Flails
 20188 | Lair:5   | Reached ** piety under Ashenzari
 20296 | Lair:5   | Noticed Snorg
 20306 | Lair:5   | Killed Snorg
 20306 | Lair:5   | Gained mutation: You can use your snake-like lower body to constrict enemies. [Naga growth]
 20306 | Lair:5   | Reached XP level 13. HP: 86/111 MP: 1/20
 20404 | Lair:5   | Found a staircase to the Swamp.
 21293 | Lair:5   | Learned a level 4 spell: Petrify
 22584 | Lair:6   | Reached *** piety under Ashenzari
 24206 | Lair:7   | Learned a level 2 spell: Repel Missiles
 24435 | Lair:7   | Reached skill level 1 in Evocations
 24843 | Lair:8   | Entered Level 8 of the Lair of Beasts
 25824 | Lair:4   | Reached skill level 5 in Evocations
 26002 | Lair:1   | Noticed a six-headed hydra
 26006 | Lair:1   | Killed a six-headed hydra
 26199 | D:9      | Upgraded the game from 0.17.0-9-g801d43b to 0.17.0-15-g6d90897
 26569 | D:10     | Reached XP level 14. HP: 88/126 MP: 7/21
 27266 | D:11     | Reached skill level 1 in Shields
 27478 | D:11     | Reached **** piety under Ashenzari
 27490 | D:11     | Found a staircase to the Orcish Mines.
 28917 | D:12     | Identified the +4 ring mail of Liberalism {rN+ MR+ Int+5 Dex-3}
 29581 | D:13     | Found a runed door.
 29581 | D:13     | Noticed a sphinx
 29988 | Orc:1    | Entered Level 1 of the Orcish Mines
 30454 | Orc:2    | Found a frozen archway.
 30486 | IceCv    | Entered an ice cave
 32112 | IceCv    | Found an ancient bone altar of Kikubaaqudgha.
 32434 | Orc:2    | Noticed Urug
 32450 | Orc:2    | Killed Urug
 33694 | Orc:3    | Reached skill level 10 in Evocations
 34067 | Orc:3    | Reached ***** piety under Ashenzari
 34104 | Orc:4    | Entered Level 4 of the Orcish Mines
 34104 | Orc:4    | Found a staircase to the Elven Halls.
 35301 | Orc:4    | Reached skill level 5 in Shields
 35770 | Orc:4    | Reached XP level 15. HP: 130/132 MP: 23/23
 35819 | Orc:4    | Found Laeffamm's Antique Weapon Boutique.
 35841 | Orc:4    | Found Akip's Assorted Antiques.
 35843 | Orc:4    | Found Zipuset's General Store.
 35843 | Orc:4    | Found Zobaih's Distillery.
 35893 | Orc:4    | Bought a runed helmet for 99 gold pieces
 35893 | Orc:4    | Bought a scroll of remove curse for 66 gold pieces
 35893 | Orc:4    | Bought a scroll of remove curse for 66 gold pieces
 35893 | Orc:4    | Bought a scroll of teleportation for 66 gold pieces
 35893 | Orc:4    | Bought a murky amethyst potion for 19 gold pieces
 35895 | Orc:4    | Bought a scroll of identify for 34 gold pieces
 36880 | Lair:8   | Found a staircase to the Slime Pits.
 38051 | Lair:8   | Reached skill level 5 in Dodging
 40815 | D:13     | Killed a sphinx
 41026 | D:14     | Found an opulent altar of Gozag.
 41081 | D:14     | Reached skill level 10 in Fighting
 41135 | D:14     | Found Juubis's Jewellery Boutique.
 41153 | D:14     | Bought a +5 ring of evasion for 715 gold pieces
 41631 | D:14     | Found a gate to the Vaults.
 42229 | Swamp:1  | Entered Level 1 of the Swamp
 42239 | Swamp:1  | Reached XP level 16. HP: 107/147 MP: 18/24
 42570 | Swamp:1  | Slain by a spriggan rider

Action                   |  1- 3 |  4- 6 |  7- 9 | 10-12 | 13-15 | 16-18 || total
-------------------------+-------+-------+-------+-------+-------+-------++-------
Melee: Dagger            |    11 |       |       |       |       |       ||    11
       Unarmed           |     1 |       |       |       |       |       ||     1
       Whip              |    31 |    49 |   155 |   142 |       |       ||   377
       Staff             |       |       |       |     8 |  1459 |    34 ||  1501
       Flail             |       |       |       |    40 |    96 |       ||   136
 Cast: Sandblast         |    54 |    78 |   137 |   222 |    63 |       ||   554
       Stone Arrow       |       |       |    44 |   197 |   229 |     3 ||   473
       Lee's Rapid Decon |       |       |       |     6 |    77 |       ||    83
       Stoneskin         |       |       |       |       |    34 |       ||    34
       Petrify           |       |       |       |       |     7 |     2 ||     9
       Repel Missiles    |       |       |       |       |     8 |       ||     8
       Mephitic Cloud    |       |       |       |       |     4 |       ||     4
 Abil: Spit Poison       |    11 |    15 |    25 |    22 |     1 |       ||    74
Evoke: Wand              |       |       |     6 |    11 |    21 |       ||    38
       Rod               |       |       |       |     2 |       |       ||     2
  Use: Potion            |     2 |       |     1 |     5 |     7 |     2 ||    17
       Scroll            |       |       |    18 |    18 |    22 |     2 ||    60
 Stab: Sleeping          |       |     3 |     3 |     2 |     8 |       ||    16
       Distracted        |       |       |       |     1 |     2 |       ||     3
       Confused          |       |       |       |       |     2 |       ||     2
       Petrifying        |       |       |       |       |     1 |       ||     1
  Eat: Chunk             |     3 |     7 |    16 |    29 |    56 |       ||   111
       Bread ration      |       |       |     1 |     2 |     5 |       ||     8
       Beef jerky        |       |       |       |     1 |       |       ||     1
       Fruit             |       |       |       |       |     1 |       ||     1
       Meat ration       |       |       |       |       |     2 |       ||     2
       Pizza             |       |       |       |       |     1 |       ||     1
